 Dungeon Crawl Stone Soup version 0.21-a0-110-g8e1637b (webtiles) character file.

177 sagitran the Skirmisher (level 5, -3/42 HPs)
             Began as a Demonspawn Abyssal Knight on July 10, 2017.
             Was a Believer of Lugonu.
             Killed by nerve-wracking pain
             ... invoked by an orc priest
              (7 damage)
             ... on level 4 of the Dungeon.
             The game lasted 00:21:09 (3787 turns).

sagitran the Skirmisher (Demonspawn Abyssal Knight) Turns: 3787, Time: 00:21:10

Health: -3/42      AC: 11    Str: 13    XL:     5   Next: 31%
Magic:  6/6        EV: 11    Int: 14    God:    Lugonu [**....]
Gold:   222        SH: 11    Dex: 17    Spells: 3/4 levels left

rFire    . . .     SeeInvis .   e - +2 short sword (elec)
rCold    + . .     Gourm    .   l - +0 large shield
rNeg     . . .     Faith    .   h - +0 ring mail (curse)
rPois    .         Spirit   .   q - +2 helmet
rElec    .         Reflect  .   k - +0 cloak
rCorr    .         Harm     .   s - +0 pair of gloves
MR       .....                  (no boots)
Stlth    ++........             (no amulet)
HPRegen  0.00/turn              (no ring)
MPRegen  0.10/turn              (no ring)

@: agile, flying
A: talons 1, cold resistance 1, powered by pain 1, inhibited regeneration,
sturdy frame 1
a: Depart the Abyss, Bend Space, Renounce Religion


You were on level 4 of the Dungeon.
You worshipped Lugonu.
Lugonu was pleased with you.
You were not hungry.

You visited 1 branch of the dungeon, and saw 4 of its levels.
You visited the Abyss 1 time.

You collected 222 gold pieces.

Inventory:

Hand Weapons
 a - a +1 falchion
 e - a +2 short sword of electrocution (weapon)
Missiles
 o - 5 curare-tipped needles
Armour
 h - a cursed +0 ring mail (worn)
 k - a +0 cloak (worn)
 l - a +0 large shield (worn)
 q - a +2 helmet (worn)
 s - a +0 pair of gloves (worn)
Wands
 n - a wand of lightning (8/15)
Scrolls
 g - 4 scrolls of identify
 p - a scroll of enchant weapon {unknown}
 r - a scroll of teleportation {unknown}
Books
 m - a book of Cantrips

   Spells                             Type                      Level
   a - Confusing Touch                Hexes                        1
   b - Animate Skeleton               Necromancy                   1
   c - Summon Small Mammal            Summoning                    1
   d - Apportation                    Translocation                1
Comestibles
 b - 3 fruits
 c - 2 bread rations
 f - 2 meat rations
 j - 4 royal jellies


   Skills:
 + Level 4.1 Fighting
 + Level 1.5(2.2) Short Blades
 + Level 2.2(2.5) Long Blades
 + Level 2.8 Armour
 + Level 1.4 Dodging
 + Level 0.4 Stealth
 + Level 1.1 Shields
 + Level 2.5 Invocations


You had 3 spell levels left.
You knew the following spells:

 Your Spells              Type           Power        Failure   Level  Hunger
a - Animate Skeleton      Necr           N/A          100%        1    ##.....


Dungeon Overview and Level Annotations

Branches:
Dungeon (4/15)
 Temple: D:4-7

Altars:
Ashenzari
Kikubaaqudgha
Qazlal
Ru


Innate Abilities, Weirdness & Mutations

You sometimes gain a little power by taking damage.
Your movements are slightly less encumbered by armour. (ER -2)
You have sharp toenails.
Your flesh is cold resistant. (rC+)
You do not regenerate when monsters are visible.


Message History

The orc priest shouts!
You hit the orc priest but do no damage.
Your kick misses the orc priest. The orc priest hits you with a trident.
* * * LOW HITPOINT WARNING * * *
You puncture the orc priest! You claw the orc priest.
The orc priest is severely wounded.
The orc priest barely misses you.
You hit the orc priest but do no damage.
Lightning courses through the orc priest!
You kill the orc priest!
Lugonu accepts your kill.
Your Shields skill increases to level 1!
You hit the orc priest but do no damage.
You block the orc priest's attack.
You hit the orc priest but do no damage.
You claw the orc priest.
The orc priest is lightly wounded.
The orc priest invokes the aid of Beogh against you.
Pain shoots through your body!
You die...

#################
...........<....#
###############.#
#### ##)## ...#
#...# ##....
#.o@# ( #.).# #
#.### # #. # .. #
##. #


You could see an orc priest.

Vanquished Creatures
  An orc priest (D:4)
  An orc wizard (D:4)
  A gnoll (D:3)
  2 adders
  2 oozes
  4 worms
  2 dart slugs
  2 leopard geckos
  6 orcs (D:3)
  8 bats
  6 goblins
  9 hobgoblins
  4 jackals
  8 kobolds
  8 frilled lizards
  3 rats
67 creatures vanquished.

Notes
Turn   | Place    | Note
-------+----------+-------------------------------------------
     0 | Abyss:1  | sagitran the Demonspawn Abyssal Knight began the quest for the Orb.
     0 | Abyss:1  | Reached XP level 1. HP: 18/18 MP: 2/2
     9 | D:1      | Escaped the Abyss
   155 | D:1      | Gained mutation: You sometimes gain a little power by taking damage. [demonic ancestry]
   155 | D:1      | Reached XP level 2. HP: 22/24 MP: 3/3
   649 | D:1      | Gained mutation: You have sharp toenails. [potion of mutation]
   649 | D:1      | Gained mutation: You do not regenerate when monsters are visible. [potion of mutation]
   649 | D:1      | Gained mutation: Your flesh is cold resistant. (rC+) [potion of mutation]
   979 | D:1      | Reached ** piety under Lugonu
  1127 | D:1      | Reached XP level 3. HP: 27/30 MP: 4/4
  1258 | D:1      | Reached skill level 1 in Dodging
  1519 | D:3      | Learned a level 1 spell: Animate Skeleton
  1604 | D:3      | Reached XP level 4. HP: 27/37 MP: 5/5
  1609 | D:3      | Reached skill level 4 in Fighting
  2051 | D:2      | Found a sacrificial altar of Ru.
  2580 | D:2      | Reached skill level 1 in Short Blades
  2939 | D:4      | Found a shattered altar of Ashenzari.
  3071 | D:3      | Found a stormy altar of Qazlal.
  3321 | D:3      | Found an ancient bone altar of Kikubaaqudgha.
  3777 | D:4      | Gained mutation: Your movements are slightly less encumbered by armour. (ER -2) [demonic ancestry]
  3777 | D:4      | Reached XP level 5. HP: 19/42 MP: 6/6
  3785 | D:4      | Reached skill level 1 in Shields
  3787 | D:4      | Killed from afar by an orc priest

Vault maps used:
D:1:      minmay_arrival_wavy_path, serial_forest, infiniplex_forest_clump_tiny,
          infiniplex_forest_clump_tiny, infiniplex_forest_end_2,
          infiniplex_forest_clump_large, infiniplex_forest_end_double,
          infiniplex_forest_straight_5, infiniplex_forest_lined_corner,
          infiniplex_forest_straight_5, infiniplex_forest_clump_medium,
          minivault_5, minmay_close_crescents
D:2:      nicolae_ru_path_of_blood
D:3:      old_standard_altar, grunt_qazlal_sundering, first_bread,
          serial_bayou_pond_b, hangedman_decor_opposing
D:4:      ashenzari_conservatory_becter, xom_teletrap_fun
Abyss:1:  lemuel_flamethrower_2

Skill      XL: |  1  2  3  4  5 |
---------------+----------------+-----
Armour         | 2 |  2.8
Long Blades    | 2 |  2.2
Dodging        | 1 |  1.4
Fighting       | 4 |  4.1
Short Blades   | 1 |  1.5
Shields        | 1 |  1.1
Stealth        | |  0.4
Invocations    | |  2.5

Action                   |  1- 3 |  4- 6 || total
-------------------------+-------+-------++-------
Melee: Falchion          |    48 |       ||    48
       Short sword       |    59 |    78 ||   137
       Kick              |    10 |    18 ||    28
  Use: Scroll            |     4 |       ||     4
       Potion            |     1 |     2 ||     3
  Eat: Bread ration      |       |     2 ||     2
Armor: Leather armour    |    14 |       ||    14
       Ring mail         |    33 |    35 ||    68
Dodge: Dodged            |    54 |    15 ||    69
Block: Large shield      |    22 |    52 ||    74
       Rpst.: Falchion   |    10 |       ||    10
